 Dungeon Crawl Stone Soup version 0.30-a0-1112-gfb780f5df6 (webtiles) character file.

Game seed: 462832187670923789

661 LobsterGuardian the Sneak (level 7, -3/53 HPs)
             Began as a Demonspawn Brigand on Apr 19, 2023.
             Was a Follower of Uskayaw.
             Splashed by a jelly's acid (8 damage)
             ... on level 5 of the Dungeon on Apr 20, 2023.
             The game lasted 00:23:54 (3882 turns).

LobsterGuardian the Sneak (Demonspawn Brigand)      Turns: 3882, Time: 00:24:00

Health: -3/53      AC:  1    Str: 11    XL:     7   Next: 30%
Magic:  8/8        EV: 12    Int: 12    God:    Uskayaw [*.....]
Gold:   194        SH:  4    Dex: 17    Spells: 6/6 levels left

rFire   . . .      SeeInvis .    f - +2 short sword (freeze)
rCold   . . .      Faith    .    (no shield)
rNeg    . . .      Spirit   .    h - +0 leather armour
rPois   .          Reflect  .    (no helmet)
rElec   .          Rampage  .    c - +0 cloak
rCorr   .          Clarity  +    g - +1 pair of gloves
Will    .....                    l - +0 pair of boots
Stlth   +++                      (no amulet)
HPRegen 0.28/turn                (no ring)
MPRegen 0.11/turn                (no ring)

@: corroded
A: slimy green scales 1, icemail 1, condensation shield, weakness stinger 1,
clarity
a: Renounce Religion, Stomp


You were on level 5 of the Dungeon.
You worshipped Uskayaw.
Uskayaw was noncommittal.
You visited 1 branch of the dungeon, and saw 5 of its levels.

You collected 194 gold pieces.

Inventory:

Hand Weapons
 a - a +2 dagger
 b - a +0 short sword of venom
 f - a +2 short sword of freezing (weapon)
Missiles
 d - 19 poisoned darts
 e - 3 curare-tipped darts
 i - 8 stones (quivered)
 s - 4 atropa-tipped darts
 u - 4 boomerangs
Armour
 c - a +0 cloak (worn)
 g - a +1 pair of gloves (worn)
 h - a +0 leather armour (worn)
 l - a +0 pair of boots (worn)
Jewellery
 o - a ring of resist corrosion
Scrolls
 p - a scroll of silence
 r - a scroll of enchant armour
 t - a scroll of teleportation {unknown}
Potions
 j - 2 potions of might
 k - a potion of ambrosia
 m - a potion of flight {unknown}
 n - a potion of brilliance
 q - 2 potions of heal wounds


   Skills:
 * Level 3.9 Fighting
 + Level 3.9 Short Blades
 + Level 3.0 Throwing
 + Level 1.9 Armour
 + Level 2.1 Dodging
 * Level 5.3 Stealth
 * Level 1.9 Invocations


You had 6 spell levels left.
You didn't know any spells.
Your spell library contained the following spells:

 Spells                   Type           Power      Damage    Failure   Level
 Poisonous Vapours        Pois/Air       0%         N/A       54%         2
 Mephitic Cloud           Conj/Pois/Air  0%         N/A       78%         3
 Freezing Cloud           Conj/Ice/Air   0%         6-21      100%        5


Dungeon Overview and Level Annotations

Branches:
Dungeon (5/15)
 Temple: D:4-7

Altars:
Ashenzari
Uskayaw


Innate Abilities, Weirdness & Mutations

You are partially covered in slimy green scales. (AC +2)
A meltable icy envelope protects you from harm. (AC +4)
A meltable shield of frost defends you. (SH +4)
You have a small tail.
You possess an exceptional clarity of mind.


Message History

You hit the jelly but do no damage. The acid corrodes you!
Your hands burn!
The jelly is moderately wounded.
The jelly barely misses you.
You hit the jelly but do no damage. The acid corrodes you!
Your hands burn!
The jelly is moderately wounded.
You hit the jelly but do no damage.
Your hands burn!
The jelly is moderately wounded.
The jelly closely misses you.
You hit the jelly but do no damage.
Your hands burn!
You tail-slap the jelly.
The jelly is heavily wounded.
The jelly barely misses you.
You can now pass through a line of other dancers.
You hit the jelly but do no damage.
Your hands burn!
The jelly is heavily wounded.
The jelly hits you but does no damage.
You hit the jelly but do no damage.
Your hands burn!
You tail-slap the jelly, but do no damage.
The jelly is heavily wounded.
The jelly closely misses you.
You hit the jelly but do no damage.
Your hands burn!
The jelly is heavily wounded.
You completely miss the jelly.
The jelly is heavily wounded.
The jelly hits you but does no damage.
You can no longer pass through a line of other dancers.
You hit the jelly but do no damage. The acid corrodes you!
Your hands burn!
The jelly is heavily wounded.
You block the jelly's attack.
You hit the jelly but do no damage.
Your hands burn!
You tail-slap the jelly, but do no damage.
The jelly is heavily wounded.
The jelly hits you.
You are splashed with acid!
* * * LOW HITPOINT WARNING * * *
You hit the jelly. You freeze the jelly.
Your hands burn!
* * * LOW HITPOINT WARNING * * *
The jelly is severely wounded.
The jelly hits you.
* * * LOW HITPOINT WARNING * * *
You are splashed with acid!
You die...

##...# ##..#####.
#....# #........
####.##
###........
##..###...###....
#...#...### ...
##.###.### ..
##.## #.## .##
##.##
#..#######....#
#.## ##.....@...#
#.## #######J..#
#..# #..# # #..##
..# .##...# ...
......# .#.#
.....## ..#
....## ### ...
....## ...#


You could see a jelly.

Vanquished Creatures
  2 ogres
  A kobold brigand (D:4)
  A crimson imp (D:4)
  A hound (D:4)
  A jelly (D:5)
  An iguana (D:5)
  An orc wizard (D:3)
  6 adders
  7 gnolls
  2 shadow imps (D:4)
  A white imp (D:4)
  2 worms
  5 dart slugs
  9 orcs
  9 bats
  6 endoplasms
  A giant cockroach (D:1)
  6 goblins
  7 hobgoblins
  15 jackals
  5 kobolds
  3 quokkas
  7 ball pythons
  4 frilled lizards
  6 rats
109 creatures vanquished.

Vanquished Creatures (others)
  2 demonic plants (D:4)
2 creatures vanquished.

Grand Total: 111 creatures vanquished

Notes
Turn   | Place    | Note
-------+----------+-------------------------------------------
     0 | D:1      | LobsterGuardian the Demonspawn Brigand began the quest for
                  | the Orb.
     0 | D:1      | Reached XP level 1. HP: 16/16 MP: 1/1
   124 | D:1      | Gained mutation: You possess an exceptional clarity of
                  | mind. [potion of mutation]
   124 | D:1      | Gained mutation: Your spells are a little harder to cast,
                  | but a little more powerful. [potion of mutation]
   124 | D:1      | Lost mutation: Your spells are a little harder to cast, but
                  | a little more powerful. [potion of mutation]
   248 | D:1      | Gained mutation: A meltable shield of frost defends you.
                  | (SH +4) [demonic ancestry]
   248 | D:1      | Reached XP level 2. HP: 22/22 MP: 2/2
   352 | D:1      | Reached skill level 1 in Dodging
   352 | D:1      | Reached skill level 4 in Stealth
   759 | D:2      | Gained mutation: You have a small tail. [demonic ancestry]
   759 | D:2      | Reached XP level 3. HP: 27/27 MP: 3/3
  1147 | D:2      | Reached XP level 4. HP: 34/34 MP: 4/4
  1416 | D:2      | Found a faded altar of an unknown god.
  1741 | D:3      | Reached XP level 5. HP: 38/40 MP: 5/5
  1839 | D:3      | Reached skill level 1 in Armour
  2321 | D:3      | Found a broken altar of Ashenzari.
  2723 | D:4      | Gained mutation: A meltable icy envelope protects you from
                  | harm. (AC +4) [demonic ancestry]
  2723 | D:4      | Reached XP level 6. HP: 47/47 MP: 6/6
  2975 | D:4      | Found a hide-covered altar of Uskayaw.
  3031 | D:4      | Became a worshipper of Uskayaw the Reveller
  3074 | D:4      | Reached * piety under Uskayaw
  3083 | D:4      | Reached skill level 5 in Stealth
  3293 | D:4      | Reached skill level 1 in Invocations
  3296 | D:4      | Reached ** piety under Uskayaw
  3588 | D:4      | Reached *** piety under Uskayaw
  3590 | D:4      | Gained mutation: You are partially covered in slimy green
                  | scales. (AC +2) [demonic ancestry]
  3590 | D:4      | Reached XP level 7. HP: 53/53 MP: 7/7
  3630 | D:5      | Entered Level 5 of the Dungeon
  3882 | D:5      | Splashed by a jelly's acid

Illustrated notes

Levels and vault maps discovered:
D:1:      psy_arrival_terrarium, layout_basic, minmay_domino_2
D:2:      layout_basic, nicolae_ecumenical_lake_church
D:3:      minmay_chambers_of_twos, layout_basic,
          mainiacjoe_overflow_surrounded_room
D:4:      layout_rooms, overflow_temple_1_default, serial_demonic,
          serial_demonic_g, serial_demonic_d, serial_demonic_c,
          serial_demonic_e, serial_demonic_b, serial_demonic_f,
          kennysheep_cluttered_room, minmay_fire_ice_demons
D:5:      layout_layer_cave, serial_shops, nicolae_shop_overgrown_old_shop,
          minmay_misc_feat_x

Skill      XL: |  1  2  3  4  5  6  7 |
---------------+----------------------+-----
Dodging        | 1 2 |  2.1
Stealth        | 4 5 |  5.3
Short Blades   | 2 3 |  3.9
Throwing       | 2 3 |  3.0
Armour         | 1 |  1.9
Fighting       | 3 |  3.9
Invocations    | 1 |  1.9

Action                     |  1- 3 |  4- 6 |  7- 9 || total
---------------------------+-------+-------+-------++-------
  Melee: Dagger            |    16 |       |       ||    16
         Short sword       |    70 |   205 |    17 ||   292
         Punch             |     1 |     1 |       ||     2
         Tailslap          |     4 |    27 |     3 ||    34
  Throw: Dart              |     8 |    30 |     2 ||    40
         Stone             |       |       |     6 ||     6
 Invoke: Stomp             |       |     1 |       ||     1
    Use: Potion            |     2 |       |       ||     2
         Scroll            |     2 |     2 |     3 ||     7
   Stab: Sleeping          |     8 |     6 |     2 ||    16
         Distracted        |       |     1 |       ||     1
         Paralysed         |       |     1 |       ||     1
 Armour: Skin              |    24 |       |       ||    24
         Robe              |     4 |       |       ||     4
         Leather armour    |    16 |    57 |     3 ||    76
  Dodge: Dodged            |    30 |    80 |     6 ||   116
  Block: Other             |     8 |    27 |     2 ||    37

Table legend: (Time is in decaauts)
 A = Elapsed time spent in this place.
 B = Non-inter-level travel time spent in this place.
 C = Inter-level travel time spent in this place.
 D = Time resting spent in this place.
 E = Time spent auto-exploring this place.
 F = Levels seen in this place.
 G = Mean time per level.
                   A        B        C        D        E       F      G
               +--------+--------+--------+--------+--------+-----+--------+
         Total |   3835 |   3591 |    244 |     21 |   2727 |   5 |  767.0 |
       Dungeon |   3835 |   3591 |    244 |     21 |   2727 |   5 |  767.0 |
               +--------+--------+--------+--------+--------+-----+--------+

Top non-repeatable levels by time:
     D:3: 1009 daAuts
     D:4: 946 daAuts
     D:2: 913 daAuts
     D:1: 718 daAuts
     D:5: 248 daAuts
